 Dungeon Crawl Stone Soup version 0.19-a0-1170-g18f0c96 (webtiles) character file.

81326 Leszczynek the Bludgeoner (level 15, 0/145 HPs)
             Began as an Ogre Earth Elementalist on Aug 16, 2016.
             Was the Champion of Hepliaklqana.
             Slain by a giant leech (32 damage)
             ... on level 4 of the Swamp.
             The game lasted 01:47:24 (16908 turns).

Leszczynek the Bludgeoner (OgEE)                   Turns: 16908, Time: 01:47:25

Health: 0/145      AC: 20    Str: 25    XL:     15   Next: 70%
Magic:  28/28      EV: 11    Int: 21    God:    Hepliaklqana [******]
Gold:   300        SH:  0    Dex: 14    Spells: 4 memorised, 9 levels left

rFire  + + +     SeeInvis +     a - +6 giant spiked club of the Philosopher {drain, MP+9 Dex+2}
rCold  + . .     Gourm    .     i - +3 pearl dragon armour {Always Acquire Armour}
rNeg   + . .     Faith    +     (shield currently unavailable)
rPois  .         Spirit   .     G - +3 crown of Dyrovepreva {rElec Int+2 SInv}
rElec  +         Dismiss  .     s - +0 cloak
rCorr  .         Reflect  .     (gloves unavailable)
MR     ++...     Harm     .     (boots unavailable)
Stlth  ..........               c - amulet of Gayjoor {Faith Str+6 Slay+3}
                                Z - ring of Xom's Malicious Joy {Wiz rF+++ rC+ Int+4}
                                y - ring of protection from magic

@: very slightly contaminated, repel missiles, invisible
A: unfitting armour, tough skin 1
a: Recall Ancestor, Ancestor Identity, Transference, Idealise, Renounce Religion


You were on level 4 of the Swamp.
You worshipped Hepliaklqana.
Hepliaklqana was exalted by your worship.
You were not hungry.

You visited 5 branches of the dungeon, and saw 28 of its levels.
You also visited: Ice Cave.

You collected 2007 gold pieces.
You spent 1707 gold pieces at shops.

Inventory:

Hand Weapons
 a - the +6 giant spiked club of the Philosopher (weapon) {drain, MP+9 Dex+2}
   (You acquired it on level 9 of the Dungeon)

   A truly terrible weapon, it drains the life of those it strikes.
   It affects your dexterity (+2).
   It affects your magic capacity (+9).
 E - a +7 eveningstar
Missiles
 z - 8 javelins of returning (quivered)
 J - 10 javelins
 N - 9 large rocks
 S - 5 tomahawks of returning
 T - 20 tomahawks
Armour
 i - a +3 pearl dragon armour (worn) {Always Acquire Armour}
 q - the +6 large shield of Ignorance {rN+ AC+4 Int-6 *Curse}
   (You acquired it on level 9 of the Dungeon)

   It affects your AC (+4).
   It affects your intelligence (-6).
   It protects you from negative energy.
   It may re-curse itself when equipped.
 s - a +0 cloak (worn)
 G - the +3 crown of Dyrovepreva (worn) {rElec Int+2 SInv}
   (You bought it in a shop on level 2 of the Orcish Mines)

   It affects your intelligence (+2).
   It insulates you from electricity.
   It lets you see invisible.
 L - a +0 shield
Jewellery
 c - the amulet of Gayjoor (around neck) {Faith Str+6 Slay+3}
   (You found it on level 9 of the Dungeon)

   [amulet of faith]

   It allows you to gain divine favour quickly.
   It affects your strength (+6).
   It affects your accuracy and damage with ranged weapons and melee attacks
   (+3).
 g - an uncursed ring of stealth
 y - a ring of protection from magic (left hand)
 P - an uncursed ring of protection from cold
 Q - an uncursed ring of protection from magic
 Z - the ring of Xom's Malicious Joy (right hand) {Wiz rF+++ rC+ Int+4}
   (You found it on level 11 of the Dungeon)

   [ring of wizardry]

   It improves your spell success rate.
   It affects your intelligence (+4).
   It renders you almost immune to fire.
   It protects you from cold.
Wands
 f - a wand of lightning (7/15)
 p - a wand of flame (32/48)
 x - a wand of lightning (3/15)
 M - a wand of confusion (36/48)
 O - a wand of iceblast (10/15)
 X - a wand of iceblast (4/15)
Scrolls
 h - a scroll of fear
 m - 8 scrolls of remove curse
 n - 3 scrolls of blinking
 t - 4 scrolls of fog
 D - 5 scrolls of teleportation
 W - a scroll of magic mapping
Potions
 e - 9 potions of curing
 j - 5 potions of agility
 l - 2 potions of cure mutation
 o - 2 potions of flight
 r - 2 potions of invisibility
 u - 4 potions of heal wounds
 A - 2 potions of might
 C - 3 potions of resistance
 K - a potion of berserk rage
 R - 2 potions of lignification
 U - 2 potions of cancellation
 Y - a potion of degeneration {unknown}
Miscellaneous
 b - a box of beasts
 w - a sack of spiders
 H - a phantom mirror
 I - a phial of floods
Comestibles
 d - 10 bread rations
 k - 9 meat rations
 v - 4 slices of pizza
 B - 24 fruits
 F - 17 royal jellies
 V - 5 chunks of flesh


   Skills:
 + Level 13.7 Fighting
 - Level 18.1 Maces & Flails
 - Level 10.5 Throwing
 + Level 5.3 Armour
 + Level 6.1 Dodging
 - Level 1.5 Stealth
 - Level 8.3 Shields
 - Level 2.4 Spellcasting
 - Level 4.0 Charms
 - Level 4.0 Necromancy
 - Level 0.6 Transmutations
 - Level 2.5 Air Magic
 - Level 2.1 Earth Magic
 - Level 5.7 Invocations
 - Level 6.0 Evocations


You had 9 spell levels left.
You knew the following spells:

 Your Spells              Type           Power        Failure   Level  Hunger
a - Swiftness             Chrm/Air       ###.....     7%          2    ##.....
b - Passwall              Tmut/Erth      #.........   12%         2    ##.....
q - Regeneration          Chrm/Necr      ###.......   9%          3    ###....
w - Repel Missiles        Chrm/Air       ###...       7%          2    ##.....


Dungeon Overview and Level Annotations

Branches:
Dungeon (15/15)            Temple (1/1) D:5            Lair (6/6) D:8
  Swamp (4/4) Lair:3        Snake (0/4) Lair:4        Slime (0/5) Lair:5
    Orc (2/2) D:9             Elf (0/3) Orc:2        Depths (0/5) D:15
 Vaults: D:13-14

Altars:
Ashenzari
Cheibriados
Dithmenos
Elyvilon
Fedhas
Gozag
Hepliaklqana
Kikubaaqudgha
Makhleb
Nemelex Xobeh
Okawaru
Pakellas
Qazlal
Ru
Sif Muna
Trog
Uskayaw
Vehumet
Xom
Yredelemnul
Zin
The Shining One
Beogh
Jiyva

Shops:
D:5 =   D:9 :   Orc:1 (%   Orc:2 ((*[

Annotations:
D:3 Grinder; Terence
D:4 Duffy's ghost, amateur TeMo; Duvessa
D:10 exclusion: obsidian statue
Lair:6 avatar vault, lotsa stuff running around


Innate Abilities, Weirdness & Mutations

You are too large for most types of armour.
You have tough skin. (AC +1)


Message History

You impale the giant leech!!
The giant leech is heavily wounded.
The giant leech closely misses you.
You closely miss the giant leech.
The giant leech is heavily wounded.
The giant leech bites you!!
The giant leech draws strength from your injuries!
You closely miss the giant leech.
The giant leech is heavily wounded.
You fade into invisibility!
The giant leech bites you!!!
* * * LOW HITPOINT WARNING * * *
The giant leech draws strength from your injuries!
You are very lightly contaminated with residual magic.
You feel much better. The giant leech barely misses you.
There is a stone staircase leading up here.
You thump the giant leech! You drain the giant leech!
The giant leech is heavily wounded.
The giant leech bites you!!
You die...

♣♣ ♣♣.. ♣≈.≈.
≈...§♣♣♣♣♣
≈.....≈.@♣♣
≈≈..≈§≈w.≈♣♣♣♣
≈.≈≈≈≈♣.≈≈≈≈.♣.
≈.... ♣≈≈≈≈≈≈..
.≈≈. ♣.)≈≈≈≈..≈
.≈≈ ♣♣♣...≈..≈
≈≈ ≈....<. ♣
.≈≈≈.♣♣ ≈≈≈≈.♣


You could see a giant leech.

Vanquished Creatures
  A storm dragon (D:12)
  An orc warlord (Orc:2)
  A dire elephant (D:15)
  Josephine (Orc:2)
  7 hydras
  Erolcha (Orc:1)
  A catoblepas (Lair:3)
  An ogre mage (D:14)
  A centaur warrior (D:11)
  2 tengu warriors
  11 death yaks
  Urug (D:11)
  A fire crab (Lair:6)
  A skeletal warrior (D:11)
  A wizard (D:14)
  4 hill giants
  An orc knight (Orc:2)
  2 orc sorcerers (Orc:2)
  A wolf spider (D:15)
  A salamander (D:15)
  A manticore (D:14)
  8 ugly things
  A hornet (Swamp:2)
  2 griffons
  A deep elf mage (D:14)
  An elephant (D:8)
  3 cyclopes
  A black mamba (Lair:6)
  A guardian serpent (shapeshifter) (D:15)
  A molten gargoyle (Orc:2)
  2 spiny frogs
  2 centaur skeletons (D:9)
  2 gargoyles
  A kobold demonologist (D:14)
  5 komodo dragons
  A rime drake (Lair:5)
  A queen bee (Lair:3)
  3 trolls
  4 two-headed ogres
  A boulder beetle (Lair:6)
  9 slime creatures
  2 polar bears (IceCv)
  2 blink frogs
  A bog body (Swamp:1)
  2 shadows
  A wyvern (Lair:5)
  A water elemental (D:14)
  4 wraiths (Orc:2)
  22 yaks
  A vampire (D:11)
  2 spriggans
  2 hungry ghosts (D:14)
  4 basilisks
  5 hippogriffs
  7 insubstantial wisps
  15 vampire mosquitoes
  2 wargs (Orc:2)
  2 nagas (Lair:4)
  2 mottled dragons
  3 swamp worms (Swamp:3)
  8 water moccasins
  5 porcupines
  16 orc warriors
  2 ice beasts (D:7)
  10 ogres
  2 wasps (Lair:6)
  3 phantoms
  3 centaurs
  4 wolves
  6 crocodiles
  A big kobold (D:7)
  Blork the orc (D:6)
  12 giant frogs
  3 scorpions
  A wyvern skeleton (D:8)
  Dowan (D:4)
  19 killer bees
  6 electric eels
  2 vampire bats (D:5)
  3 centaur zombies
  5 crimson imps
  A giant frog zombie (D:10)
  2 quasits
  3 jellies
  3 hounds
  8 orc priests
  12 orc wizards
  3 giant frog skeletons
  11 iguanas
  4 worker ants
  3 sheep
  A hound zombie (D:6)
  2 hound skeletons
  2 howler monkey zombies
  29 river rats
  6 adders
  2 gnolls (D:7)
  An adder skeleton (D:5)
  3 adder zombies
  4 worms
  2 dart slugs
  5 giant geckos
  47 orcs
  2 ball pythons
  6 bats
  3 bat skeletons (D:5)
  2 bat zombies (D:5)
  3 giant cockroaches
  6 goblins
  4 hobgoblins
  13 jackals
  4 quokkas
  A giant gecko zombie (D:6)
  6 giant newts
  6 kobolds
  A quokka skeleton (D:5)
  5 rats
  2 plants (D:14)
503 creatures vanquished.

Vanquished Creatures (collateral kills)
  2 fire dragons
  2 hydras
  2 alligators
  2 death yaks
  A tengu warrior (D:15)
  A spriggan druid (Swamp:4)
  An orc knight (D:15)
  5 ugly things
  2 black mambas
  A komodo dragon (Lair:4)
  A rime drake (Lair:4)
  4 spiny frogs
  5 trolls
  2 giant leeches (Swamp:2)
  A polar bear (IceCv)
  3 blink frogs
  A slime creature (D:15)
  2 wyverns
  A water elemental (D:14)
  8 yaks
  Grum (D:9)
  2 hippogriffs
  7 vampire mosquitoes
  4 insubstantial wisps
  A warg (Orc:2)
  A swamp worm (Swamp:1)
  A naga (Lair:4)
  A porcupine (Lair:2)
  3 water moccasins
  2 ice beasts
  A swamp drake (Swamp:3)
  2 phantoms
  5 orc warriors
  A black bear (D:8)
  4 ogres
  A wolf (IceCv)
  A centaur (D:13)
  A crocodile (Lair:1)
  A gnoll sergeant (D:9)
  3 giant frogs
  A jelly (D:6)
  8 killer bees
  A centaur zombie (D:7)
  2 crimson imps
  A giant frog zombie (D:9)
  A quasit (D:9)
  6 orc priests
  An iguana (Lair:5)
  4 orc wizards
  A killer bee zombie (D:9)
  5 sheep
  4 gnolls
  2 adders
  12 river rats
  19 orcs
  A giant cockroach (D:7)
  3 jackals
  2 quokkas
  4 kobolds (D:7)
  A quokka skeleton (D:8)
  A butterfly (Lair:2)
  A plant (Lair:4)
171 creatures vanquished.

Vanquished Creatures (others)
  A yak (IceCv)
  A wasp (Swamp:1)
  8 battlemagi
  2 ancestors
  An orc (Orc:2)
  3 fungi (Lair:6)
  2 plants
18 creatures vanquished.

Grand Total: 692 creatures vanquished

Notes
Turn   | Place    | Note
-------+----------+-------------------------------------------
     0 | D:1      | Leszczynek the Ogre Earth Elementalist began the quest for the Orb.
     0 | D:1      | Reached XP level 1. HP: 16/16 MP: 3/3
   142 | D:1      | Reached skill level 1 in Maces & Flails
   261 | D:1      | Reached skill level 1 in Fighting
   276 | D:1      | Reached XP level 2. HP: 27/27 MP: 0/5
   292 | D:1      | Reached skill level 2 in Maces & Flails
   465 | D:1      | Learned a level 2 spell: Passwall
   493 | D:2      | Reached XP level 3. HP: 28/35 MP: 4/6
   554 | D:2      | Reached skill level 2 in Fighting
   554 | D:2      | Reached skill level 3 in Maces & Flails
   846 | D:2      | Reached XP level 4. HP: 42/42 MP: 1/7
   873 | D:2      | Reached skill level 4 in Maces & Flails
  1024 | D:3      | Noticed Grinder
  1129 | D:4      | Noticed Duffy's ghost (amateur TeMo)
  1410 | D:3      | Noticed Terence
  1430 | D:4      | Noticed a phantom
  1508 | D:4      | Found an oddly glowing altar of Pakellas.
  1542 | D:4      | Found a shimmering altar of Xom.
  1542 | D:4      | Found a shimmering altar of Xom.
  1542 | D:4      | Found a shimmering altar of Xom.
  1543 | D:4      | Found a shimmering altar of Xom.
  1584 | D:4      | Noticed Duvessa
  1584 | D:4      | Noticed Dowan
  1631 | D:4      | Reached skill level 3 in Fighting
  1631 | D:4      | Reached skill level 5 in Maces & Flails
  1631 | D:4      | Reached XP level 5. HP: 29/53 MP: 8/8
  1874 | D:4      | Killed Dowan
  2192 | D:5      | Entered Level 5 of the Dungeon
  2192 | D:5      | Found Reixkie's Jewellery Shop.
  2204 | D:5      | Reached skill level 6 in Maces & Flails
  2395 | D:5      | Found an ancient bone altar of Kikubaaqudgha.
  2399 | D:5      | Reached XP level 6. HP: 57/61 MP: 9/9
  2413 | D:5      | Reached skill level 7 in Maces & Flails
  2610 | D:5      | Found a hide-covered altar of Uskayaw.
  2670 | D:5      | Found a staircase to the Ecumenical Temple.
  2679 | Temple   | Entered the Ecumenical Temple
  2697 | Temple   | Became a worshipper of Hepliaklqana
  2741 | D:5      | Reached skill level 8 in Maces & Flails
  2809 | D:5      | Reached XP level 7. HP: 60/60 MP: 10/10
  2988 | D:6      | Noticed Blork the orc
  3001 | D:6      | Killed Blork the orc
  3001 | D:6      | Reached skill level 9 in Maces & Flails
  3173 | D:6      | Found a stormy altar of Qazlal.
  3259 | D:7      | Reached skill level 10 in Maces & Flails
  3424 | D:6      | Reached * piety under Hepliaklqana
  3480 | D:6      | Reached XP level 8. HP: 29/67 MP: 11/11
  3681 | D:6      | Reached skill level 11 in Maces & Flails
  4225 | D:7      | Reached skill level 12 in Maces & Flails
  4314 | D:7      | Noticed a spriggan baker
  4413 | D:7      | Killed a spriggan baker
  4413 | D:7      | Reached skill level 4 in Fighting
  4413 | D:7      | Reached skill level 2 in Dodging
  4689 | D:7      | Reached skill level 3 in Dodging
  4698 | D:7      | Reached ** piety under Hepliaklqana
  4699 | D:7      | Remembered your ancestor Hannah as a battlemage
  4791 | D:7      | Reached skill level 5 in Fighting
  4791 | D:7      | Reached XP level 9. HP: 59/79 MP: 12/12
  5125 | D:8      | Reached skill level 13 in Maces & Flails
  5172 | D:8      | Found an opulent altar of Gozag.
  5173 | D:8      | Found a glowing silver altar of Zin.
  5208 | D:8      | Found a staircase to the Lair.
  5216 | D:8      | Noticed an elephant
  5233 | D:8      | Reached skill level 6 in Fighting
  5241 | D:8      | Killed an elephant
  5241 | D:8      | Reached skill level 4 in Dodging
  5499 | D:8      | Reached skill level 7 in Fighting
  5524 | Lair:1   | Entered Level 1 of the Lair of Beasts
  5524 | Lair:1   | Noticed a seven-headed hydra
  5596 | D:9      | Reached skill level 14 in Maces & Flails
  5599 | D:9      | Reached XP level 10. HP: 86/91 MP: 13/13
  5738 | D:9      | Reached skill level 5 in Dodging
  5770 | D:9      | Found Sasuam's Book Shoppe.
  5963 | D:9      | Reached *** piety under Hepliaklqana
  5964 | D:9      | Noticed Grum
  5977 | D:9      | Killed Grum
  5977 | D:9      | Reached skill level 8 in Fighting
  6203 | D:9      | Found a staircase to the Orcish Mines.
  6244 | D:9      | Identified 3 scrolls of acquirement
  6247 | D:9      | Got a crystal giant spiked club
  6248 | D:9      | Identified the +6 giant spiked club of the Philosopher {drain, MP+9 Dex+2} (You acquired it on level 9 of the Dungeon)
  6257 | D:9      | okay
  6257 | D:9      | this is it
  6257 | D:9      | this is the game
  6268 | D:9      | this is the speedrun
  6268 | D:9      | don't fuck it up
  6268 | D:9      | "speed"run, i know
  6268 | D:9      | but still, we're going for the high score, baby
  6277 | D:9      | Got a transparent amethyst amulet
  6278 | D:9      | Identified the amulet of Gayjoor {Faith Str+6 Slay+3} (You found it on level 9 of the Dungeon)
  6279 | D:9      | oh wow
  6336 | Orc:1    | Entered Level 1 of the Orcish Mines
  6366 | Orc:1    | Noticed Erolcha
  6511 | D:10     | Entered Level 10 of the Dungeon
  6539 | D:10     | Reached skill level 15 in Maces & Flails
  6709 | D:10     | Noticed an obsidian statue
  6771 | D:10     | Noticed a hill giant
  6777 | D:10     | Killed a hill giant
  6777 | D:10     | Reached skill level 1 in Armour
  6966 | D:11     | Noticed a centaur warrior
  6978 | D:11     | Killed a centaur warrior
  6978 | D:11     | Reached skill level 1 in Throwing
  7026 | D:11     | Noticed a six-headed hydra
  7047 | D:11     | Killed a six-headed hydra
  7047 | D:11     | Reached skill level 4 in Throwing
  7047 | D:11     | Reached XP level 11. HP: 46/101 MP: 14/14
  7059 | D:11     | this is like a gamble
  7145 | D:11     | Reached skill level 5 in Throwing
  7234 | D:11     | Reached **** piety under Hepliaklqana
  7379 | D:11     | Noticed Urug
  7387 | D:11     | Noticed a fire dragon
  7390 | D:11     | Killed Urug
  7390 | D:11     | Reached skill level 6 in Throwing
  7430 | D:11     | Killed a fire dragon
  7430 | D:11     | Reached skill level 7 in Throwing
  7487 | D:11     | Noticed a skeletal warrior
  7509 | D:11     | Killed a skeletal warrior
  7701 | Lair:1   | Killed a seven-headed hydra
  7701 | Lair:1   | Reached skill level 8 in Throwing
  8068 | Lair:2   | Reached ***** piety under Hepliaklqana
  8148 | Lair:2   | Noticed a death yak
  8167 | Lair:2   | Killed a death yak
  8167 | Lair:2   | Reached skill level 16 in Maces & Flails
  8175 | Lair:2   | Noticed a death yak
  8190 | Lair:2   | Killed a death yak
  8197 | Lair:2   | Noticed a death yak
  8198 | Lair:2   | Noticed a death yak
  8221 | Lair:2   | Noticed a death yak
  8234 | Lair:2   | Killed a death yak
  8254 | Lair:2   | Killed a death yak
  8254 | Lair:2   | Reached skill level 17 in Maces & Flails
  8254 | Lair:2   | Reached XP level 12. HP: 101/109 MP: 15/15
  8263 | Lair:2   | Killed a death yak
  8459 | Lair:2   | Reached skill level 18 in Maces & Flails
  8731 | Lair:3   | Found a staircase to the Swamp.
  8773 | Lair:3   | Reached skill level 1 in Shields
  8856 | Lair:3   | Reached skill level 9 in Fighting
  8914 | Lair:3   | Noticed a catoblepas
  8922 | Lair:3   | Killed a catoblepas
  8922 | Lair:3   | Reached skill level 2 in Shields
  8974 | Lair:3   | Noticed a death yak
  8974 | Lair:3   | Noticed a death yak
  8992 | Lair:3   | Killed a death yak
  8992 | Lair:3   | Reached skill level 3 in Shields
  9022 | Lair:3   | Noticed a seven-headed hydra
  9034 | Lair:3   | Killed a seven-headed hydra
  9034 | Lair:3   | Reached skill level 10 in Fighting
  9090 | Lair:3   | Noticed a death yak
  9091 | Lair:3   | Killed a death yak
  9091 | Lair:3   | Reached skill level 4 in Shields
  9097 | Lair:3   | Killed a death yak
  9158 | Lair:3   | Reached skill level 11 in Fighting
  9322 | Lair:4   | Noticed a four-headed hydra
  9326 | Lair:4   | Killed a four-headed hydra
  9326 | Lair:4   | Reached skill level 5 in Shields
  9326 | Lair:4   | Reached XP level 13. HP: 97/123 MP: 16/16
  9393 | Lair:4   | Found a frozen archway.
  9518 | Lair:4   | Reached skill level 12 in Fighting
  9541 | Lair:4   | Reached skill level 6 in Shields
  9579 | IceCv    | Entered an ice cave
  9585 | IceCv    | Reached skill level 2 in Armour
  9623 | IceCv    | too many clouds to go through with no rC
  9664 | Lair:4   | Reached ****** piety under Hepliaklqana
  9674 | Lair:4   | Reached skill level 1 in Evocations
  9713 | Lair:4   | Found a staircase to the Snake Pit.
  9944 | Lair:4   | Reached skill level 2 in Evocations
 10029 | Lair:5   | Learned a level 3 spell: Regeneration
 10148 | Lair:5   | Learned a level 2 spell: Repel Missiles
 10151 | Lair:5   | Learned a level 2 spell: Swiftness
 10298 | Lair:5   | Reached skill level 3 in Evocations
 10322 | Lair:5   | Found a staircase to the Slime Pits.
 10322 | Lair:5   | Found a viscous altar of Jiyva.
 10323 | Lair:5   | Found a glowing golden altar of the Shining One.
 10357 | Lair:6   | Entered Level 6 of the Lair of Beasts
 10371 | Lair:5   | Reached skill level 3 in Armour
 10607 | Lair:6   | Reached skill level 4 in Evocations
 10730 | Lair:6   | Reached skill level 7 in Shields
 10748 | Lair:6   | Reached skill level 5 in Evocations
 10821 | Lair:6   | Reached skill level 4 in Armour
 10841 | Lair:6   | the avatar vault, no thanks
 11219 | D:5      | Bought an uncursed ring of protection from magic for 300 gold pieces
 11325 | D:6      | Found a shattered altar of Ashenzari.
 11463 | Orc:1    | Killed Erolcha
 11463 | Orc:1    | Reached XP level 14. HP: 121/134 MP: 18/18
 11538 | Orc:2    | Entered Level 2 of the Orcish Mines
 11600 | Orc:1    | Found Cumoc's Food Shop.
 11769 | Orc:1    | Found Xaricwug's Weapon Shop.
 11783 | Orc:1    | Reached skill level 6 in Evocations
 12019 | Orc:2    | Found a burning altar of Makhleb.
 12066 | Orc:2    | Found a staircase to the Elven Halls.
 12154 | Orc:2    | Found a roughly hewn altar of Beogh.
 12350 | Orc:2    | Reached skill level 5 in Armour
 12357 | Orc:2    | Noticed an orc warlord
 12410 | Orc:2    | Killed an orc warlord
 12410 | Orc:2    | Reached skill level 8 in Shields
 12410 | Orc:2    | Reached skill level 1 in Invocations
 12424 | Orc:2    | Found Acsaareu's Antique Weapon Emporium.
 12426 | Orc:2    | Found a roughly hewn altar of Beogh.
 12427 | Orc:2    | Found Hievuod's Antique Armour Shoppe.
 12513 | Orc:2    | Reached skill level 2 in Invocations
 12561 | Orc:2    | Noticed Josephine
 12570 | Orc:2    | Killed Josephine
 12671 | Orc:2    | Reached skill level 3 in Invocations
 12684 | Orc:2    | Found a roughly hewn altar of Beogh.
 12710 | Orc:2    | Found Wyofi's Assorted Antiques.
 12763 | Orc:2    | Found a roughly hewn altar of Beogh.
 12797 | Orc:2    | Found Axatiu Laym's Weapon Shoppe.
 13176 | D:12     | Reached skill level 4 in Invocations
 13327 | D:12     | Noticed a storm dragon
 13732 | Orc:2    | Bought the +3 crown of Dyrovepreva {rElec Int+2 SInv} for 1407 gold pieces
 13928 | D:12     | Reached skill level 9 in Throwing
 14025 | D:11     | Got a warped bronze ring
 14027 | D:11     | Identified the ring of Xom's Malicious Joy {Wiz rF+++ rC+ Int+4} (You found it on level 11 of the Dungeon)
 14028 | D:11     | :O
 14096 | D:12     | Killed a storm dragon
 14509 | D:13     | vaults, archer entrance
 14553 | D:13     | Reached skill level 1 in Charms
 14600 | D:14     | Upgraded the game from 0.19-a0-1168-g98094fc to 0.19-a0-1170-g18f0c96
 14621 | D:14     | Reached skill level 5 in Invocations
 14834 | D:14     | Reached skill level 13 in Fighting
 14947 | D:14     | Reached skill level 10 in Throwing
 14962 | D:14     | Reached skill level 2 in Charms
 15456 | D:14     | Reached XP level 15. HP: 124/143 MP: 19/19
 15472 | D:15     | Entered Level 15 of the Dungeon
 15480 | D:14     | Reached skill level 3 in Charms
 15543 | D:15     | Reached skill level 4 in Charms
 15605 | D:15     | Reached skill level 1 in Necromancy
 15629 | D:15     | Reached skill level 2 in Necromancy
 15660 | D:15     | Reached skill level 3 in Necromancy
 15858 | D:15     | Found a white marble altar of Elyvilon.
 15870 | D:15     | Reached skill level 4 in Necromancy
 15915 | D:15     | Found a staircase to the Depths.
 15923 | D:15     | Reached skill level 1 in Air Magic
 16158 | Lair:3   | Reached skill level 2 in Air Magic
 16315 | Swamp:1  | Entered Level 1 of the Swamp
 16726 | Swamp:3  | Reached skill level 6 in Dodging
 16888 | Swamp:4  | Entered Level 4 of the Swamp
 16904 | Swamp:4  | HP: 11/145 [giant leech (38)]
 16908 | Swamp:4  | Slain by a giant leech

Vault maps used:
D:1:      evilmike_arrival_rings
D:2:      grunt_ministairs_9
D:3:      ecumenical_altar_1, uniq_terence, uniq_grinder
D:4:      xom_redecorated, lemuel_doored_altar, first_bread,
          hangedman_abyss_or_decor_stabs, trog_book, uniq_crazy_yiuf_cottage,
          uniq_duvessa
D:5:      kennysheep_vampire_church, lemuel_crystal_altar, serial_shops, shop
D:6:      evilmike_ruin_ashenzari, nicolae_qazlal_eye_of_the_storm,
          uniq_blork_the_orc
D:7:      the_bakery
D:8:      grunt_temple_overflow_gold_and_silver, david_lair_generic
D:9:      orc_0_dummy, serial_shops, shop, serial_bayou_crossing, uniq_grum
D:10:     minmay_statue_bubble
D:11:     minmay_diamond_stairs, uniq_urug
D:12:     abandoned_shop, kennysheep_just_a_vault
D:13:     grunt_vaults_entry_fortified
D:14:     wad_lake_hut
D:15:     hangedman_depths_entry_try_elsewhere_first, basic_altar,
          serial_bayou_pond_a, spider_trap
Temple:   eino_temple_lava
Lair:1:   hibernation_bobbens
Lair:2:   grunt_megastairs_4, lemuel_fruit_fields, infiniplex_staircase_pool_2,
          lemuel_fruit_tree
Lair:3:   minmay_swamp_entry_swarm, special_room, bh_autumn_forest_stairs
Lair:4:   guppyfry_snake_entry_garden, portal_ice_cave_entry_pillars_1,
          minivault_27, serial_bayou_shore_b, grunt_megastairs_1,
          serial_bayou_shore_b
Lair:5:   slime_altar_1, basic_altar
Lair:6:   gammafunk_lair_ancient_temple, grunt_megastairs_3
Swamp:1:  nicolae_swamp_very_dense_foliage
Swamp:2:  hangedman_swamp_blocks
Swamp:3:  evilmike_swamp_ruin_house_3
Swamp:4:  swamp_old_school
Orc:1:    orc_temple, serial_shops, shop_statue,
          nicolae_shop_temple_entry_statues_fountains, uniq_erolcha
Orc:2:    grunt_orc_community_town_hall, grunt_orc_community_big_house_2,
          grunt_orc_community_big_house_2, grunt_orc_community_house_1,
          grunt_orc_community_house_1, grunt_orc_community_house_3,
          grunt_orc_community_house_2, basic_altar, nicolae_orc_lava_tube,
          uniq_josephine
IceCv:    ice_cave_caverns_02

Skill      XL: |  1  2  3  4  5  6  7  8  9 10 11 12 13 14 15 |
---------------+----------------------------------------------+-----
Maces & Flails | 1 2 3 5 6 8 10 12 14 15 17 18 | 18.1
Fighting       | 1 2 3 5 7 8 11 12 13 | 13.7
Dodging        | 3 4 5 6 |  6.1
Armour         | 1 4 5 |  5.3
Throwing       | 4 8 10 | 10.5
Shields        | 5 7 8 |  8.3
Evocations     | 5 6 |  6.0
Invocations    | 5 |  5.7
Charms         | 2 4 |  4.0
Necromancy     | 4 |  4.0
Air Magic      | 2 |  2.5
Stealth        | |  1.5
Spellcasting   | |  2.4
Transmutations | |  0.6
Earth Magic    | |  2.1

Action                   |  1- 3 |  4- 6 |  7- 9 | 10-12 | 13-15 || total
-------------------------+-------+-------+-------+-------+-------++-------
Melee: Whip              |    31 |       |       |       |       ||    31
       Mace              |    23 |   162 |   194 |       |       ||   379
       Giant club        |       |       |    71 |    46 |       ||   117
       Giant spiked club |       |       |       |   198 |   699 ||   897
Throw: Stone             |       |     1 |       |       |       ||     1
       Javelin           |       |       |       |    12 |    13 ||    25
 Cast: Sandblast         |    29 |    10 |     2 |       |       ||    41
       Regeneration      |       |       |       |       |    23 ||    23
       Repel Missiles    |       |       |       |       |     1 ||     1
Invok: Recall Ancestor   |       |       |     1 |       |     3 ||     4
       Ancestor Life: Ba |       |       |     1 |       |       ||     1
       Ancestor Identity |       |       |       |     1 |       ||     1
  Use: Scroll            |       |     3 |     3 |    15 |    12 ||    33
       Potion            |       |     5 |     1 |     1 |     3 ||    10
 Stab: Sleeping          |     9 |     5 |     4 |     2 |       ||    20
       Distracted        |       |     1 |     3 |     8 |    15 ||    27
  Eat: Chunk             |       |     6 |     9 |     9 |    24 ||    48
       Bread ration      |       |     1 |       |     1 |       ||     2
       Beef jerky        |       |       |       |       |     5 ||     5
       Royal jelly       |       |       |       |       |     1 ||     1
Armor: Robe              |    27 |    96 |    74 |     9 |       ||   206
       Skin              |       |       |    19 |       |       ||    19
       Pearl dragon armo |       |       |       |    85 |   355 ||   440
Dodge: Dodged            |    29 |   124 |   133 |   125 |   306 ||   717
       Deflected         |       |       |       |       |     4 ||     4
